 Dungeon Crawl Stone Soup version 0.28-a0-1510-gd0f6b136d3 (webtiles) character file.

Game seed: 4198933978921044159

31 comborobin the Sneak (level 3, 0/31 HPs)
             Began as a Ghoul Delver on Jan 15, 2022.
             Slain by an iguana (14 damage)
             ... on level 4 of the Dungeon.
             The game lasted 00:00:32 (681 turns).

comborobin the Sneak (Ghoul Delver)                  Turns: 681, Time: 00:00:32

Health: 0/31       AC:  3    Str: 15    XL:     3   Next: 22%
Magic:  2/2        EV: 11    Int:  5    God:
Gold:   19         SH:  0    Dex: 12    Spells: 2/2 levels left

rFire   . . .      SeeInvis .     - Unarmed
rCold   + . .      Faith    .   (no shield)
rNeg    + + +      Spirit   .   a - +0 leather armour
rPois   ∞          Reflect  .   (no helmet)
rElec   .          Harm     .   (no cloak)
rCorr   .          Rampage  .   (no gloves)
Will    .....                   (no boots)
Stlth   +++.......              (no amulet)
HPRegen 0.00/turn               (no ring)
MPRegen 0.08/turn               (no ring)

@: inhibited regen, hasted, very quick
A: claws 1, cold resistance 1, negative energy resistance 3, inhibited
regeneration, torment resistance 2
a: no special abilities


You were on level 4 of the Dungeon.
You visited 1 branch of the dungeon, and saw 3 of its levels.

You collected 19 gold pieces.

Inventory:

Armour
 a - a +0 leather armour (worn)
Wands
 f - a wand of digging (3)
Scrolls
 b - a scroll of fog
 d - a scroll of fear


   Skills:
 - Level 3.2 Fighting
 - Level 1.7 Dodging
 - Level 5.4 Stealth
 + Level 4.0 Unarmed Combat


You had 2 spell levels left.
You didn't know any spells.
Your spell library was empty.

Dungeon Overview and Level Annotations

Branches:
Dungeon (6/15)
 Temple: D:4-7

Altars:
Vehumet

Annotations:
D:4 Eustachio
D:5 Blork the orc


Innate Abilities, Weirdness & Mutations

You thrive by killing the living.
You are immune to poison.
You have sharp fingernails.
Your flesh is cold resistant. (rC+)
You are immune to negative energy. (rN+++)
You do not regenerate when monsters are visible.
You are immune to unholy pain and torment.


Message History

Press: ? - help, v - describe, . - travel
Here: Eustachio, wielding a +0 rapier and wearing a +0 leather armour (lightly wounded)
The floor.
Unknown command.
You scratch Eustachio.
Eustachio is lightly wounded.
Eustachio gestures wildly while chanting.
You scratch Eustachio but do no damage.
Eustachio is lightly wounded.
Eustachio mumbles some strange words.
You scratch Eustachio.
Eustachio is moderately wounded.
You barely miss Eustachio. You claw Eustachio, but do no damage.
Eustachio is moderately wounded.
Eustachio barely misses you.
You scratch Eustachio.
Eustachio is moderately wounded.
You closely miss Eustachio.
Eustachio is moderately wounded.
Eustachio casts a spell.
Eustachio blinks!
You claw the hobgoblin!
You kill the hobgoblin!
You feel better.
Eustachio casts a spell.
Your Unarmed Combat skill increases to level 4!
You scratch the iguana but do no damage.
You scratch the iguana.
The iguana is lightly wounded.
The iguana completely misses you.
Eustachio drinks a potion.
Eustachio's spells are empowered!
You barely miss the iguana.
The iguana is lightly wounded.
The iguana bites you.
You barely miss the iguana.
The iguana is lightly wounded.
You scratch the iguana.
The iguana is moderately wounded.
The iguana bites you!
You die...

## #. #.#############
#5rl@.........#
#@r##########.# #..# #.#
# #@.# #.# . .... #.# #
..... #.#####.# #
g.l.... ........#######
#.....r. ..............#
#.....$.##.###########.#


You could see Eustachio (empowered), an iguana, a quasit (summoned) and 2 river
rats.

Vanquished Creatures
  An iguana (D:5)
  2 dart slugs
  A hobgoblin (D:4)
4 creatures vanquished.

Notes
Turn   | Place    | Note
-------+----------+-------------------------------------------
     0 | D:5      | comborobin the Ghoul Delver began the quest for the Orb.
     0 | D:5      | Reached XP level 1. HP: 19/19 MP: 0/0
   151 | D:5      | Noticed an iguana
   162 | D:5      | Killed an iguana
   163 | D:5      | Reached XP level 2. HP: 6/26 MP: 1/1
   163 | D:5      | Reached XP level 3. HP: 7/31 MP: 2/2
   410 | D:5      | Found a radiant altar of Vehumet.
   520 | D:5      | Noticed Blork the orc
   661 | D:4      | Noticed Eustachio
   681 | D:4      | Slain by an iguana

Illustrated notes

Levels and vault maps discovered:
D:4:      layout_loops_ring, gammafunk_ghost_smash, kennysheep_nondescript,
          uniq_eustachio
D:5:      layout_loops_corners, lemuel_coloured_pillars_altar,
          uniq_blork_the_orc
D:6:      layout_loops_ring, kennysheep_doodads, uniq_edmund

Skill      XL: |  1  2  3 |
---------------+----------+-----
Unarmed Combat | 3 4 |  4.0
Fighting       | |  3.2
Dodging        | |  1.7
Stealth        | |  5.4

Action                   || total
-------------------------++-------
Melee: Unarmed           ||    30
       Punch             ||     2
  Use: Scroll            ||     1
       Potion            ||     1
 Stab: Sleeping          ||     1
Armor: Leather armour    ||     1
Dodge: Dodged            ||     8

Table legend: (Time is in decaauts)
 A = Elapsed time spent in this place.
 B = Non-inter-level travel time spent in this place.
 C = Inter-level travel time spent in this place.
 D = Time resting spent in this place.
 E = Time spent auto-exploring this place.
 F = Levels seen in this place.
 G = Mean time per level.
                   A        B        C        D        E       F      G
               +--------+--------+--------+--------+--------+-----+--------+
         Total |    674 |    585 |     89 |    304 |    226 |   3 |  224.7 |
       Dungeon |    674 |    585 |     89 |    304 |    226 |   3 |  224.7 |
               +--------+--------+--------+--------+--------+-----+--------+

Top non-repeatable levels by time:
     D:5: 610 daAuts
     D:4: 62 daAuts
     D:6: 1 daAuts
